PAAA
TORTOLITA DRUMMERS @ NAPERVILLE BATTLEKINGS
06/03/2023
 
TOP OF THE 1ST
Tortolita Drummers batting - Pitching for Naperville Battlekings : RHP Steve Sanders
Pitching: RHP Steve Sanders
Batting: LHB Evan Nelson 0-0: Ball
1-0: Called Strike
1-1: Ball
2-1: Ground out 5-3 (Groundball, 5S)
Batting: RHB Wayne Bannatyne 0-0: Ball
1-0: Ball
2-0: Ball
3-0: Base on Balls
Batting: SHB Dan Godwin 0-0: Fly out, F9 (Flyball, 89M)
Batting: LHB Keith Spear 0-0: Called Strike
0-1: Fly out, F9 (Flyball, 9M)
Top of the 1st over - 0 run(s), 0 hit(s), 0 error(s), 1 left on base; Tortolita 0 - Naperville 0
BOTTOM OF THE 1ST
Naperville Battlekings batting - Pitching for Tortolita Drummers : RHP Casey Bader
Pitching: RHP Casey Bader
Batting: RHB Jorge Reyes 0-0: SINGLE (Groundball, 6MD)
Batting: RHB Joe Ferneyhough 0-0: Swinging Strike
0-1: Ball
1-1: Foul Ball, location: 2F
1-2: Strikes out looking
Batting: LHB Alfonso Martínez 0-0: Ball
1-0: Fly out, F9 (Flyball, 9LSF)
Batting: RHB Álex Rodríguez 0-0: Ball
1-0: SINGLE (Line Drive, 6MD)
Jorge Reyes to second
Batting: RHB Alfredo López 0-0: Ball
1-0: Foul Ball, location: 2F
1-1: Called Strike
1-2: Foul Ball, location: 2F
1-2: Foul Ball, location: 2F
1-2: Foul Ball, location: 2F
1-2: Ground out 6-3 (Groundball, 6S)
Bottom of the 1st over - 0 run(s), 2 hit(s), 0 error(s), 2 left on base; Tortolita 0 - Naperville 0
TOP OF THE 2ND
Tortolita Drummers batting - Pitching for Naperville Battlekings : RHP Steve Sanders
Batting: SHB Will Brock 0-0: Called Strike
0-1: Swinging Strike
0-2: Ball
1-2: Foul Ball, location: 2F
1-2: Strikes out swinging
Batting: LHB Adrián Franco 0-0: Ball
1-0: Foul Ball, location: 2F
1-1: Ball
2-1: Ball
3-1: Base on Balls
Batting: LHB Scott Martin 0-0: Ball
1-0: Called Strike
1-1: Swinging Strike
1-2: Ball
2-2: Strikes out swinging
Batting: RHB Dan Lewis 0-0: Ball
1-0: SINGLE (Line Drive, 56D)
Adrián Franco to second
Batting: RHB Nick Reed 0-0: Ball
1-0: Called Strike
1-1: Foul Ball, location: 2F
1-2: Ball
Wild Pitch!
Adrián Franco to third
Dan Lewis to second
2-2: Foul Ball, location: 2F
2-2: Strikes out swinging
Top of the 2nd over - 0 run(s), 1 hit(s), 0 error(s), 2 left on base; Tortolita 0 - Naperville 0
BOTTOM OF THE 2ND
Naperville Battlekings batting - Pitching for Tortolita Drummers : RHP Casey Bader
Batting: RHB Marcus Wade 0-0: Foul Ball, location: 2F
0-1: Ball
1-1: Ball
2-1: Foul Ball, location: 2F
2-2: Ground out 1-3 (Groundball, 13)
Batting: RHB Sal Haynes 0-0: Called Strike
0-1: Swinging Strike
0-2: Ball
1-2: Ball
2-2: Ball
3-2: SINGLE (Groundball, 6MD)
Batting: SHB Val Brown 0-0: Called Strike
0-1: Fielders Choice at 2nd, 1-6 (Groundball, 15)
Batting: RHB Kevin Tyler 0-0: SINGLE (Line Drive, 56D)
Val Brown to second
Batting: RHB Jorge Reyes 0-0: Ground out 3-1 (Groundball, 3)
Bottom of the 2nd over - 0 run(s), 2 hit(s), 0 error(s), 2 left on base; Tortolita 0 - Naperville 0
TOP OF THE 3RD
Tortolita Drummers batting - Pitching for Naperville Battlekings : RHP Steve Sanders
Batting: LHB Evan Nelson 0-0: Ball
1-0: Ball
2-0: Fly out, F8 (Popup, 6MD)
Batting: RHB Wayne Bannatyne 0-0: Swinging Strike
0-1: Ball
1-1: Ball
2-1: Foul Ball, location: 2F
2-2: Ground out 4-3 (Groundball, 4)
Batting: SHB Dan Godwin 0-0: Called Strike
0-1: Ball
1-1: Foul Ball, location: 2F
1-2: Ball
2-2: Foul Ball, location: 2F
2-2: SINGLE (Line Drive, 9LS)
Batting: LHB Keith Spear 0-0: Ball
Dan Godwin is caught stealing 2nd base
Top of the 3rd over - 0 run(s), 1 hit(s), 0 error(s), 0 left on base; Tortolita 0 - Naperville 0
BOTTOM OF THE 3RD
Naperville Battlekings batting - Pitching for Tortolita Drummers : RHP Casey Bader
Batting: RHB Joe Ferneyhough 0-0: Fly out, F7 (Flyball, 7S)
Batting: LHB Alfonso Martínez 0-0: Ball
1-0: Called Strike
1-1: Foul Ball, location: 2F
1-2: Ball
2-2: Ball
3-2: Strikes out looking
Batting: RHB Álex Rodríguez 0-0: Foul Ball, location: 2F
0-1: DOUBLE (Line Drive, 9LS) - OUT at third base trying to stretch hit.
Bottom of the 3rd over - 0 run(s), 1 hit(s), 0 error(s), 0 left on base; Tortolita 0 - Naperville 0
TOP OF THE 4TH
Tortolita Drummers batting - Pitching for Naperville Battlekings : RHP Steve Sanders
Batting: LHB Keith Spear 0-0: Ball
1-0: Ball
2-0: Swinging Strike
2-1: Ball
3-1: Called Strike
3-2: Ground out 1-3 (Groundball, 13)
Batting: SHB Will Brock 0-0: Ball
1-0: Foul Ball, location: 2F
1-1: Ball
2-1: Ball
3-1: Base on Balls
Batting: LHB Adrián Franco 0-0: Called Strike
0-1: Ball
1-1: Ball
2-1: Grounds into double play, 1-4-3 (Groundball, 13S)
Top of the 4th over - 0 run(s), 0 hit(s), 0 error(s), 0 left on base; Tortolita 0 - Naperville 0
BOTTOM OF THE 4TH
Naperville Battlekings batting - Pitching for Tortolita Drummers : RHP Casey Bader
Batting: RHB Alfredo López 0-0: Swinging Strike
0-1: Ball
1-1: Ground out 6-3 (Groundball, 6)
Batting: RHB Marcus Wade 0-0: Called Strike
0-1: Ball
1-1: Foul Ball, location: 2F
1-2: Ball
2-2: Ground out 5-3 (Groundball, 5L)
Batting: RHB Sal Haynes 0-0: Fly out, F7 (Flyball, 7M)
Bottom of the 4th over - 0 run(s), 0 hit(s), 0 error(s), 0 left on base; Tortolita 0 - Naperville 0
TOP OF THE 5TH
Tortolita Drummers batting - Pitching for Naperville Battlekings : RHP Steve Sanders
Batting: LHB Scott Martin 0-0: SINGLE (Groundball, 4MD)
Batting: RHB Dan Lewis 0-0: Called Strike
0-1: Reached on error, E1 (Groundball, 15S)
Scott Martin to third
Batting: RHB Nick Reed 0-0: Ball
1-0: Called Strike
1-1: Ground out 5-3 (Groundball, 5S)
Batting: LHB Evan Nelson 0-0: Foul Ball, location: 2F
0-1: Ball
1-1: Foul Ball, location: 2F
1-2: Strikes out looking
Batting: RHB Wayne Bannatyne 0-0: Ball
1-0: Swinging Strike
1-1: Foul Ball, location: 2F
1-2: Foul Ball, location: 2F
1-2: Foul Ball, location: 2F
1-2: Fly out, F9 (Flyball, 89D)
Top of the 5th over - 0 run(s), 1 hit(s), 1 error(s), 2 left on base; Tortolita 0 - Naperville 0
BOTTOM OF THE 5TH
Naperville Battlekings batting - Pitching for Tortolita Drummers : RHP Casey Bader
Batting: SHB Val Brown 0-0: Called Strike
0-1: Ball
1-1: Ball
2-1: Swinging Strike
2-2: Ball
3-2: Base on Balls
Batting: RHB Kevin Tyler 0-0: Ball
1-0: Bunted foul
1-1: Sac Bunt - play at first, batter OUT! 1-4
Val Brown to second
Batting: RHB Jorge Reyes 0-0: Ball
1-0: Called Strike
1-1: SINGLE (Line Drive, 6M)
Val Brown to third
Batting: RHB Joe Ferneyhough 0-0: Ball
1-0: Ball
2-0: Fly out, F8 (Flyball, 78S)
Batting: LHB Alfonso Martínez 0-0: Ball
1-0: Ball
2-0: Foul Ball, location: 2F
2-1: Ball
3-1: Base on Balls
Jorge Reyes to second
Batting: RHB Álex Rodríguez 0-0: Ball
1-0: Fly out, F8 (Flyball, 8RXD)
Bottom of the 5th over - 0 run(s), 1 hit(s), 0 error(s), 3 left on base; Tortolita 0 - Naperville 0
TOP OF THE 6TH
Tortolita Drummers batting - Pitching for Naperville Battlekings : RHP Steve Sanders
Batting: SHB Dan Godwin 0-0: Foul Ball, location: 2F
0-1: Ground out 5-3 (Groundball, 56)
Batting: LHB Keith Spear 0-0: Ball
1-0: Foul Ball, location: 2F
1-1: Called Strike
1-2: Foul Ball, location: 2F
1-2: Foul Ball, location: 2F
1-2: Ball
2-2: Ball
3-2: Base on Balls
Batting: SHB Will Brock 0-0: Foul Ball, location: 2F
0-1: DOUBLE (Flyball, 89D)
Keith Spear to third
Runner from 3rd tries for Home, SAFE, throw made at trailing runner, SAFE at third!
Batting: LHB Adrián Franco 0-0: Intentional Walk
Batting: LHB Scott Martin 0-0: Swinging Strike
0-1: SINGLE (Line Drive, 4D)
Will Brock scores
Adrián Franco to second
Runner from 2nd tries for 3rd, SAFE, throw made to third
Pitching: LHP Russ Wood
Batting: RHB Dan Lewis 0-0: Ball
1-0: Ball
2-0: Ball
3-0: Base on Balls
Scott Martin to second
Batting: RHB Nick Reed 0-0: Ball
Passed Ball!
Adrián Franco scores
Scott Martin to third
Dan Lewis to second
1-0: Intentional Walk
Batting: LHB Evan Nelson 0-0: Ball
1-0: Swinging Strike
1-1: Ball
2-1: Foul Ball, location: 2F
2-2: Fly out, F4 (Popup, 4D)
Batting: RHB Wayne Bannatyne 0-0: Ball
1-0: Foul Ball, location: 2F
1-1: Foul Ball, location: 2F
1-2: Strikes out looking
Top of the 6th over - 3 run(s), 2 hit(s), 0 error(s), 3 left on base; Tortolita 3 - Naperville 0
BOTTOM OF THE 6TH
Naperville Battlekings batting - Pitching for Tortolita Drummers : RHP Casey Bader
Batting: RHB Alfredo López 0-0: Ball
1-0: Swinging Strike
1-1: Ball
2-1: Foul Ball, location: 2F
2-2: Ground out 6-3 (Groundball, 6M)
Batting: RHB Marcus Wade 0-0: Called Strike
0-1: Called Strike
0-2: Foul Ball, location: 2F
0-2: SINGLE (Groundball, 6MD)
Batting: RHB Sal Haynes 0-0: Swinging Strike
0-1: Foul Ball, location: 2F
0-2: SINGLE (Line Drive, 6MD)
Marcus Wade to second
Pitching: RHP Curt Pennington
Batting: SHB Val Brown 0-0: Ball
1-0: Ball
2-0: SINGLE (Line Drive, 78S)
Marcus Wade to third
Sal Haynes to second
Batting: RHB Kevin Tyler 0-0: Foul Ball, location: 2F
0-1: Ball
1-1: Swinging Strike
1-2: SINGLE (Line Drive, 6MD)
Marcus Wade scores
Sal Haynes to third
Val Brown to second
Batting: RHB Jorge Reyes 0-0: Called Strike
0-1: SINGLE (Line Drive, 7S)
Sal Haynes scores
Val Brown to third
Kevin Tyler to second
Runner from 3rd tries for Home, SAFE, throw made home
Kevin Tyler to third
Jorge Reyes to second
Batting: RHB Joe Ferneyhough 0-0: Called Strike
0-1: Called Strike
0-2: Strikes out swinging
Batting: LHB Alfonso Martínez 0-0: Foul Ball, location: 2F
0-1: Swinging Strike
0-2: Ball
1-2: Ball
2-2: Foul Ball, location: 2F
2-2: Foul Ball, location: 2F
2-2: Ball
3-2: Base on Balls
Batting: RHB Álex Rodríguez 0-0: Ball
1-0: Ball
2-0: SINGLE (Groundball, 3)
Kevin Tyler scores
Jorge Reyes to third
Alfonso Martínez to second
Runner from 3rd tries for Home, SAFE, throw made at trailing runner, SAFE at third!
Pitching: LHP Jerry Clephane
Batting: RHB Alfredo López 0-0: Called Strike
0-1: Called Strike
0-2: Ball
1-2: Strikes out swinging
Bottom of the 6th over - 5 run(s), 6 hit(s), 0 error(s), 2 left on base; Tortolita 3 - Naperville 5
TOP OF THE 7TH
Tortolita Drummers batting - Pitching for Naperville Battlekings : LHP Russ Wood
Batting: SHB Dan Godwin 0-0: Fly out, F6 (Line Drive, 6)
Batting: LHB Keith Spear 0-0: Ball
1-0: Ball
2-0: Ball
3-0: Called Strike
3-1: Base on Balls
Batting: SHB Will Brock 0-0: Called Strike
0-1: Ball
1-1: SINGLE (Line Drive, 7LS)
Keith Spear to second
Batting: LHB Adrián Franco 0-0: Grounds into double play, 4-6-3 (Groundball, 4)
Top of the 7th over - 0 run(s), 1 hit(s), 0 error(s), 1 left on base; Tortolita 3 - Naperville 5
BOTTOM OF THE 7TH
Naperville Battlekings batting - Pitching for Tortolita Drummers : LHP Jerry Clephane
Batting: RHB Marcus Wade 0-0: Ball
1-0: Foul Ball, location: 2F
1-1: Foul Ball, location: 2F
1-2: Strikes out swinging
Batting: RHB Sal Haynes 0-0: Ball
1-0: Swinging Strike
1-1: Ball
2-1: Swinging Strike
2-2: Foul Ball, location: 2F
2-2: Fly out, F6 (Popup, 7LSF)
Batting: SHB Val Brown 0-0: Swinging Strike
0-1: Called Strike
0-2: Strikes out swinging
Bottom of the 7th over - 0 run(s), 0 hit(s), 0 error(s), 0 left on base; Tortolita 3 - Naperville 5
TOP OF THE 8TH
Tortolita Drummers batting - Pitching for Naperville Battlekings : LHP Russ Wood
Batting: LHB Scott Martin 0-0: Ball
1-0: Foul Ball, location: 2F
1-1: Called Strike
1-2: Ball
2-2: Ball
3-2: Strikes out swinging
Batting: RHB Dan Lewis 0-0: Ball
1-0: Foul Ball, location: 2F
1-1: Ball
2-1: Foul Ball, location: 2F
2-2: Fly out, F9 (Flyball, 89M)
Batting: RHB Nick Reed 0-0: Called Strike
0-1: Ball
1-1: Swinging Strike
1-2: Foul Ball, location: 2F
1-2: SINGLE (Line Drive, 56)
Pitching: LHP Motoyuki Nakamura
Batting: LHB Evan Nelson 0-0: Ball
1-0: Called Strike
1-1: Foul Ball, location: 2F
1-2: SINGLE (Line Drive, 56D)
Nick Reed to second
Batting: RHB Wayne Bannatyne 0-0: Foul Ball, location: 2F
0-1: Called Strike
0-2: Ball
1-2: Foul Ball, location: 2F
1-2: Foul Ball, location: 2F
1-2: Strikes out looking
Top of the 8th over - 0 run(s), 2 hit(s), 0 error(s), 2 left on base; Tortolita 3 - Naperville 5
BOTTOM OF THE 8TH
Naperville Battlekings batting - Pitching for Tortolita Drummers : LHP Jerry Clephane
Batting: RHB Kevin Tyler 0-0: Ball
1-0: Ball
2-0: Ball
3-0: Fly out, F9 (Flyball, 9D)
Batting: RHB Jorge Reyes 0-0: Called Strike
0-1: Ball
1-1: Called Strike
1-2: Ball
2-2: Strikes out looking
Batting: RHB Joe Ferneyhough 0-0: Ball
1-0: Ball
2-0: SOLO HOME RUN (Flyball, 7D), Distance : 377 ft
Batting: LHB Alfonso Martínez 0-0: Foul Ball, location: 2F
0-1: Ball
1-1: Ground out U3 (Groundball, 3L)
Bottom of the 8th over - 1 run(s), 1 hit(s), 0 error(s), 0 left on base; Tortolita 3 - Naperville 6
TOP OF THE 9TH
Tortolita Drummers batting - Pitching for Naperville Battlekings : LHP Motoyuki Nakamura
Pitching: RHP Esteban Arroyo
Batting: SHB Dan Godwin 0-0: Called Strike
0-1: Foul Ball, location: 2F
0-2: SINGLE (Groundball, 34D)
Batting: LHB Keith Spear 0-0: Ball
1-0: Swinging Strike
1-1: Ball
2-1: 2-RUN HOME RUN (Flyball, 9LD), Distance : 335 ft
Batting: SHB Will Brock 0-0: Called Strike
0-1: Ball
1-1: Ball
2-1: Swinging Strike
2-2: Strikes out looking
Batting: LHB Adrián Franco 0-0: Called Strike
0-1: Swinging Strike
0-2: Ball
1-2: Ball
2-2: Strikes out swinging
Pinch Hitting: LHB Raúl Andrade 0-0: Ball
1-0: Called Strike
1-1: DOUBLE (Flyball, 89XD)
Pinch Hitting: RHB Jim Unknown 0-0: Called Strike
0-1: SINGLE (Groundball, 5D)
Raúl Andrade to third
Runner from 3rd tries for Home, SAFE, no throw or cutoff
Pitching: LHP Jason Puckett
Batting: RHB Nick Reed 0-0: Ball
1-0: Fly out, F7 (Flyball, 78M)
Top of the 9th over - 3 run(s), 4 hit(s), 0 error(s), 1 left on base; Tortolita 6 - Naperville 6
BOTTOM OF THE 9TH
Naperville Battlekings batting - Pitching for Tortolita Drummers : LHP Jerry Clephane
Pitching: RHP Pete Wood
Now at 3B: Jorge Féliz
Now in LF: Jim Unknown
Batting: RHB Álex Rodríguez 0-0: Ground out 4-3 (Groundball, 4M)
Batting: RHB Alfredo López 0-0: Called Strike
0-1: Ball
1-1: Called Strike
1-2: SINGLE (Groundball, 13) (infield hit)
Batting: RHB Marcus Wade 0-0: Called Strike
0-1: Grounds into double play, 1-4-3 (Groundball, 15S)
Bottom of the 9th over - 0 run(s), 1 hit(s), 0 error(s), 0 left on base; Tortolita 6 - Naperville 6
TOP OF THE 10TH
Tortolita Drummers batting - Pitching for Naperville Battlekings : LHP Jason Puckett
Pinch Hitting: RHB Ignacio Rodríguez 0-0: Ball
1-0: Called Strike
1-1: Ball
2-1: Called Strike
2-2: SINGLE (Groundball, 56)
Batting: RHB Wayne Bannatyne 0-0: Sac Bunt - play at first, batter OUT! U3
Ignacio Rodríguez to second
Batting: SHB Dan Godwin 0-0: Intentional Walk
Batting: LHB Keith Spear 0-0: Ball
1-0: Foul Ball, location: 2F
1-1: 3-RUN HOME RUN (Flyball, 8LXD), Distance : 432 ft
Pitching: RHP Culley Adjeng
Batting: SHB Will Brock 0-0: Ball
1-0: Ball
2-0: Ball
3-0: Called Strike
3-1: Base on Balls
Batting: LHB Adrián Franco 0-0: Called Strike
0-1: Ball
1-1: Ball
2-1: Fly out, F9 (Flyball, 89D)
Batting: RHB Jorge Féliz 0-0: Called Strike
0-1: Ball
1-1: Ball
2-1: Ball
3-1: Base on Balls
Will Brock to second
Batting: RHB Jim Unknown 0-0: Called Strike
0-1: Ball
1-1: Ball
2-1: Foul Ball, location: 2F
2-2: Ball
3-2: Base on Balls
Will Brock to third
Jorge Féliz to second
Pinch Hitting: LHB Gonzalo Féliz 0-0: Swinging Strike
0-1: Fly out, F5 (Popup, 5F)
Top of the 10th over - 3 run(s), 2 hit(s), 0 error(s), 3 left on base; Tortolita 9 - Naperville 6
BOTTOM OF THE 10TH
Naperville Battlekings batting - Pitching for Tortolita Drummers : RHP Pete Wood
Pitching: LHP Jason Horne
Now at 1B: Ignacio Rodríguez
Now at 2B: Gonzalo Féliz
Batting: RHB Sal Haynes 0-0: Fly out, F8 (Line Drive, 8RS)
Batting: SHB Val Brown 0-0: Swinging Strike
0-1: Ball
1-1: Foul Ball, location: 2F
1-2: Foul Ball, location: 2F
1-2: Foul Ball, location: 2F
1-2: Ball
2-2: Ground out 6-3 (Groundball, 6)
Batting: RHB Kevin Tyler 0-0: Called Strike
0-1: Ball
1-1: Foul Ball, location: 2F
1-2: Fly out, F7 (Flyball, 78M)
Bottom of the 10th over - 0 run(s), 0 hit(s), 0 error(s), 0 left on base; Tortolita 9 - Naperville 6
This league is powered by Out of the Park Baseball, the baseball management simulation game for PC, Mac and Linux
Friday, July 8th, 2016 - OOTP Baseball 16.9 Build 39